 Dungeon Crawl Stone Soup version 0.30-a0-845-g7c6808c8ce (webtiles) character file.

Game seed: 13842669016568402497

1560 qeuew the Covert (level 8, -3/54 HPs)
             Began as an Octopode Brigand on Mar 2, 2023.
             Was an Initiate of Ashenzari.
             Killed by divine providence
             ... invoked by an orc priest
              (10 damage)
             ... on level 6 of the Dungeon.
             The game lasted 00:07:43 (4279 turns).

qeuew the Covert (Octopode Brigand)                 Turns: 4279, Time: 00:07:44

Health: -3/54      AC:  5    Str: 10    XL:     8   Next: 89%
Magic:  8/8        EV: 15    Int: 13    God:    Ashenzari [......]
Gold:   295        SH:  5    Dex: 16    Spells: 7/7 levels left

rFire   . . .      SeeInvis .    e - +1 dagger (speed)
rCold   . . .      Faith    .    (no shield)
rNeg    . . .      Spirit   .    (helmet restricted)
rPois   .          Reflect  +    i - amulet of reflection
rElec   .          Rampage  .    h - ring of the Fated Nihilism {AC+4, Cun, Bglg} (curse)
rCorr   .                        g - ring of flight
Will    .....                    (no ring)
Stlth   +++++                    (no ring)
HPRegen 0.29/turn                (no ring)
MPRegen 0.11/turn                (no ring)
                                 (no ring)
                                 (no ring)

@: flying
A: almost no armour, amphibious, 8 rings, camouflage 1, gelatinous body 1,
(nimble swimmer 1), tentacles
a: Renounce Religion, Shatter the Chains


You were on level 6 of the Dungeon.
You worshipped Ashenzari.
Ashenzari was noncommittal.
You visited 2 branches of the dungeon, and saw 7 of its levels.

You collected 350 gold pieces.
You spent 55 gold pieces at shops.

Inventory:

Hand Weapons
 e - a +1 dagger of speed (weapon)
 o - a +3 dagger
Missiles
 b - 20 poisoned darts
 c - 3 curare-tipped darts
Jewellery
 g - a ring of flight (right tentacle)
 h - the cursed ring of the Fated Nihilism (left tentacle) {AC+4, Cun, Bglg}
   (You found it on level 2 of the Dungeon)

   [ring of protection]

   AC:        It affects your AC (+4).
   It has a curse which improves the following skills: Cunning: Dodging and
   Stealth.
   Beguiling: Conjurations, Hexes and Translocations.
 i - an amulet of reflection (around mantle)
Wands
 m - a wand of acid (8) (quivered)
Scrolls
 l - 2 scrolls of amnesia
Potions
 a - 3 potions of might
 d - 3 potions of curing
 f - a potion of berserk rage {unknown}
 j - a potion of brilliance


   Skills:
 + Level 4.1 Fighting
 * Level 5.7 Short Blades
 * Level 5.5 Throwing
 + Level 3.7(4.1) Dodging
 * Level 9.3(9.7) Stealth
 + Level 1.6 Evocations


You had 7 spell levels left.
You didn't know any spells.
Your spell library contained the following spells:

 Spells                   Type           Power      Damage    Failure   Level
 Magic Dart               Conj           0%         1d3       30%         1
 Call Imp                 Summ           0%         N/A       43%         2
 Mephitic Cloud           Conj/Pois/Air  0%         N/A       67%         3
 Olgreb's Toxic Radiance  Pois           0%         N/A       97%         4
 Ozocubu's Refrigeration  Ice            0%         4d7       100%        7
 Ignition                 Fire           0%         3d3       100%        8


Dungeon Overview and Level Annotations

Branches:
Dungeon (6/15)             Temple (1/1) D:4

Altars:
Ashenzari
Cheibriados
Elyvilon
Fedhas
Gozag
Makhleb
Nemelex Xobeh
Okawaru
Sif Muna
Trog
Uskayaw
Wu Jian
Yredelemnul
Zin
The Shining One

Shops:
D:3 !

Annotations:
D:6 2 runed translucent doors


Innate Abilities, Weirdness & Mutations

You cannot wear most types of armour.
You are amphibious.
You can wear up to eight rings at the same time.
Your skin changes colour to match your surroundings (Stealth+).
Your rubbery body absorbs attacks. (AC +1, EV +1)
((You are camouflaged when in or above water. (Stealth+)))
You have tentacles for arms and can constrict up to eight enemies at once.


Message History

Press: ? - help, Q - select action, (/) - cycle Shift-Dir - straight line, f - ogre
Aim: an ogre, wielding a +0 giant club (almost dead, 86% to hit)
Okay, then.
You hear some strange, mumbled words.
You are confused.
You are too confused!
Unknown command.
You bump into the rock wall.
The orc priest looks braver for a moment.
Something hits you but does no damage.
You feel less confused.
Aiming: Corrosive Bolt
Press: ? - help, Q - select action, (/) - cycle Shift-Dir - straight line, f - ice beast
Aim: an ice beast (71% to hit)
The bolt of acid hits something!
The bolt of acid hits the orc priest!
The orc priest is almost dead.
The bolt of acid hits the ogre!
The acid corrodes the ogre!
You kill the ogre!
The bolt of acid hits the ice beast!
The acid corrodes the ice beast!
The ice beast is severely wounded.
Something hits you. Something hits you.
* * * LOW HITPOINT WARNING * * *
The orc priest barely misses you.
The orc priest mumbles some strange prayers to Beogh against you.
Beogh smites you!
* * * LOW HITPOINT WARNING * * *
You hear some strange, mumbled words.
A puff of flame appears from out of thin air!
The puff of flame misses you.
You feel much better. Something hits you but does no damage.
A magic dart appears from out of thin air!
The magic dart hits you.
The orc priest invokes the aid of Beogh against you.
Pain shoots through your body!
* * * LOW HITPOINT WARNING * * *
The orc priest mumbles some strange prayers to Beogh against you.
Beogh smites you!
You die...

############
...........##
#########...##
#...####.....##
#)...)...o{.#####
#..()###....oY.@..#
....#.#
##.....###.#
###.#.# ##.##.# #.#
# #.# ####.# #.#
#.# #.###.#######
#.# #...........#
#.# #..##.#####.#
#..##.# #..##.#


You could see an ice beast (corroded), an orc priest and an orc.

Vanquished Creatures
  Pikel (D:4)
  2 black bears (D:5)
  2 ogres
  2 scorpions
  3 hounds
  3 jellies
  3 orc priests
  2 sleepcaps
  2 orc wizards
  12 adders
  A gnoll (D:3)
  2 shadow imps (D:5)
  An ufetubus (D:5)
  A worm (D:2)
  5 dart slugs
  17 orcs
  5 bats
  8 endoplasms
  4 giant cockroaches (D:1)
  7 hobgoblins
  4 jackals (D:2)
  5 quokkas
  7 ball pythons
  2 frilled lizards (D:3)
  7 goblins
  6 kobolds
  3 rats
117 creatures vanquished.

Vanquished Creatures (others)
  5 fungi (D:2)
  A plant (D:2)
6 creatures vanquished.

Grand Total: 123 creatures vanquished

Notes
Turn   | Place    | Note
-------+----------+-------------------------------------------
     0 | D:1      | qeuew the Octopode Brigand began the quest for the Orb.
     0 | D:1      | Reached XP level 1. HP: 14/14 MP: 1/1
   153 | D:1      | Reached XP level 2. HP: 19/19 MP: 2/2
   482 | D:1      | Reached XP level 3. HP: 24/24 MP: 3/3
   731 | D:2      | Found a faded altar of an unknown god.
   811 | D:2      | Reached XP level 4. HP: 26/29 MP: 4/4
   957 | D:2      | Reached skill level 6 in Stealth
  1362 | D:3      | Reached XP level 5. HP: 31/35 MP: 5/5
  1867 | D:3      | Found Diess's Distillery.
  1870 | D:3      | Bought a potion of heal wounds for 55 gold pieces
  1886 | D:3      | Found an iron altar of Okawaru.
  1995 | D:4      | Noticed a lemure
  1997 | D:4      | Noticed a lemure
  1998 | D:4      | Noticed Pikel
  1998 | D:4      | Noticed a lemure
  2000 | D:4      | Noticed a lemure
  2036 | D:4      | Found a staircase to the Ecumenical Temple.
  2042 | Temple   | Entered the Ecumenical Temple
  2053 | Temple   | Became a worshipper of Ashenzari the Shackled
  2106 | D:4      | Reached XP level 6. HP: 41/41 MP: 6/6
  2154 | D:4      | Reached skill level 7 in Stealth
  2286 | D:4      | Killed Pikel
  2287 | D:4      | Reached skill level 8 in Stealth
  2287 | D:4      | Reached XP level 7. HP: 46/46 MP: 7/7
  2288 | D:4      | Identified the +0 robe of Jigsaw {rC- Str+2 Int+3 SInv}
  2312 | D:4      | Reached XP level 8. HP: 52/52 MP: 8/8
  2565 | D:4      | Reached skill level 5 in Short Blades
  2637 | D:4      | Found a sparkling altar of Nemelex Xobeh.
  2889 | D:5      | Entered Level 5 of the Dungeon
  3066 | D:5      | Reached skill level 5 in Throwing
  3384 | D:5      | Reached skill level 1 in Evocations
  4057 | D:6      | Found a blossoming altar of Fedhas.
  4072 | D:6      | Reached skill level 9 in Stealth
  4199 | D:6      | Found a runed translucent door.
  4201 | D:6      | Found a runed translucent door.
  4279 | D:6      | Killed from afar by an orc priest

Illustrated notes

Levels and vault maps discovered:
D:1:      lightli_arrival_lavapool, layout_loops_cross
D:2:      layout_rooms, dreamdust_ecumenical_altar_grove
D:3:      layout_loops_ring, okawaru_altar_gauntlet_db, serial_shops,
          nicolae_shop_trees
D:4:      layout_basic, lemuel_round_altar, temple_statues, uniq_pikel
D:5:      layout_basic
D:6:      lemuel_insect_pit, layout_loops_ring, mainiacjoe_overflow_24_doors
Temple:   hellmonk_temple_two_chambers

Skill      XL: |  1  2  3  4  5  6  7  8 |
---------------+-------------------------+-----
Stealth        | 6 8 9 |  9.3
Short Blades   | 3 4 5 |  5.7
Dodging        | 2 3 |  3.7
Throwing       | 3 4 5 |  5.5
Fighting       | 3 4 |  4.1
Evocations     | 1 |  1.6

Action                     |  1- 3 |  4- 6 |  7- 9 || total
---------------------------+-------+-------+-------++-------
  Melee: Dagger            |    70 |   119 |   136 ||   325
         Constrict         |    10 |    23 |    25 ||    58
         Tentacles         |    15 |    29 |    51 ||    95
         Punch             |       |     4 |     1 ||     5
  Throw: Dart              |       |     7 |       ||     7
 Invoke: Curse Item        |       |       |     1 ||     1
  Evoke: Wand              |       |       |     1 ||     1
    Use: Potion            |     3 |     1 |     3 ||     7
         Scroll            |     1 |     7 |     5 ||    13
   Stab: Sleeping          |    13 |    12 |     9 ||    34
         Distracted        |     2 |       |     1 ||     3
 Armour: Skin              |     4 |    14 |    15 ||    33
  Dodge: Dodged            |    34 |    36 |    41 ||   111
  Block: Other             |       |    10 |     8 ||    18

Table legend: (Time is in decaauts)
 A = Elapsed time spent in this place.
 B = Non-inter-level travel time spent in this place.
 C = Inter-level travel time spent in this place.
 D = Time resting spent in this place.
 E = Time spent auto-exploring this place.
 F = Levels seen in this place.
 G = Mean time per level.
                   A        B        C        D        E       F      G
               +--------+--------+--------+--------+--------+-----+--------+
         Total |   4114 |   3944 |    170 |     48 |   3228 |   7 |  587.7 |
       Dungeon |   4097 |   3927 |    170 |     48 |   3228 |   6 |  682.8 |
        Temple |     16 |     16 |      0 |      0 |      0 |   1 |   16.0 |
               +--------+--------+--------+--------+--------+-----+--------+

Top non-repeatable levels by time:
     D:5: 1019 daAuts
     D:4: 811 daAuts
     D:3: 711 daAuts
     D:1: 621 daAuts
     D:2: 616 daAuts
     D:6: 318 daAuts
  Temple: 16 daAuts
